 Dungeon Crawl Stone Soup version 0.28.0-53-g5a82cb258f (webtiles) character file.

Game seed: 4426473497617156100

18 styxcanada the Sneak (level 2, 0/15 HPs)
             Began as a Spriggan Brigand on June 23, 2022.
             Frozen to death by an endoplasm (5 damage)
             ... on level 1 of the Dungeon on June 24, 2022.
             The game lasted 00:03:13 (237 turns).

styxcanada the Sneak (Spriggan Brigand)              Turns: 237, Time: 00:03:14

Health: 0/15       AC:  3    Str:  7    XL:     2   Next: 51%
Magic:  3/3        EV: 16    Int: 12    God:
Gold:   23         SH:  0    Dex: 16    Spells: 1/1 levels left

rFire   . . .      SeeInvis +   a - +2 dagger
rCold   . . .      Faith    .   (no shield)
rNeg    . . .      Spirit   .   b - +0 robe
rPois   .          Reflect  .   (helmet restricted)
rElec   .          Harm     .   c - +0 cloak
rCorr   .          Rampage  .   (gloves unavailable)
Will    .....                   (boots unavailable)
Stlth   ++++......              (no amulet)
HPRegen 0.05/turn               (no ring)
MPRegen 0.08/turn               (no ring)

@: very quick
A: very small, no large weapons, unfitting armour, see invisible, speed 3
a: no special abilities


You were on level 1 of the Dungeon.
You visited 1 branch of the dungeon, and saw 1 of its levels.

You collected 23 gold pieces.

Inventory:

Hand Weapons
 a - a +2 dagger (weapon)
Missiles
 e - 2 curare-tipped darts (quivered)
Armour
 b - a +0 robe (worn)
 c - a +0 cloak (worn)
Scrolls
 f - a scroll of identify {unknown}
Potions
 g - a potion of flight {unknown}


   Skills:
 * Level 1.7 Fighting
 + Level 2.1 Short Blades
 + Level 2.0 Throwing
 * Level 1.6 Dodging
 * Level 6.9 Stealth


You had one spell level left.
You didn't know any spells.
Your spell library was empty.

Dungeon Overview and Level Annotations

Branches:
Dungeon (1/15)

Altars:


Innate Abilities, Weirdness & Mutations

You are very small and have problems with some larger weapons.
You are too small for most types of armour.
You have supernaturally acute eyesight. (SInv)
You cover ground extremely quickly. (Speed+++)


Message History

A hobgoblin comes into view.
The endoplasm looks more healthy.
The hobgoblin shouts!
You barely miss the hobgoblin. The hobgoblin closely misses you.
You hit the hobgoblin.
You kill the hobgoblin!
Throw: 4 darts (poison)
Press: ? - help, Q - select action, (/) - cycle Shift-Dir - straight line, f - endoplasm
Aim: an endoplasm (almost dead, 86% to hit)
You throw a poisoned dart. The poisoned dart hits the endoplasm.
The endoplasm is almost dead.
Throw: 3 darts (poison)
Press: ? - help, Q - select action, (/) - cycle Shift-Dir - straight line, f/p - endoplasm
Aim: an endoplasm (almost dead, 86% to hit)
You throw a poisoned dart. The poisoned dart hits the endoplasm.
The endoplasm is almost dead.
Unknown command.
Throw: 2 darts (poison)
Press: ? - help, Q - select action, (/) - cycle Shift-Dir - straight line, f/p - endoplasm
Aim: an endoplasm (almost dead, 86% to hit)
You throw a poisoned dart.
The poisoned dart barely misses the endoplasm.
Throw: dart (poison)
Press: ? - help, Q - select action, (/) - cycle Shift-Dir - straight line, f/p - endoplasm
Aim: an endoplasm (almost dead, 86% to hit)
You throw a poisoned dart. The poisoned dart hits the endoplasm.
The endoplasm is almost dead.
An endoplasm comes into view.
The helpless endoplasm fails to defend itself.
You impale the endoplasm!!
You kill the endoplasm!
You hit the endoplasm but do no damage.
The endoplasm is almost dead.
The endoplasm jiggles.
The endoplasm barely misses you.
You hit the endoplasm but do no damage.
The endoplasm is almost dead.
The endoplasm freezes you.
You are frozen.
You die...

... #.# ### ..## ..#
...# #..# #..# ##..
#..########.####
........# .....##
##......#### #..#####
##.........#####.....#
(.(((...##.....J@....#
##......########.....#
#.###### #.....# #.#
#.....# ### #.....#
#.....# #######


You could see an endoplasm.

Vanquished Creatures
  2 endoplasms (D:1)
  4 goblins (D:1)
  4 hobgoblins (D:1)
  A kobold (D:1)
  A quokka (D:1)
  2 ball pythons (D:1)
14 creatures vanquished.

Notes
Turn   | Place    | Note
-------+----------+-------------------------------------------
     0 | D:1      | styxcanada the Spriggan Brigand began the quest for the
                  | Orb.
     0 | D:1      | Reached XP level 1. HP: 10/10 MP: 2/2
    46 | D:1      | Reached skill level 6 in Stealth
   110 | D:1      | Reached XP level 2. HP: 13/15 MP: 3/3
   237 | D:1      | Frozen to death by an endoplasm

Illustrated notes

Levels and vault maps discovered:
D:1:      eino_arrival_water_star, layout_rooms

Skill      XL: |  1 |
---------------+----+-----
Stealth        | 6 |  6.9
Fighting       | |  1.7
Short Blades   | |  2.1
Throwing       | |  2.0
Dodging        | |  1.6

Action                   || total
-------------------------++-------
Melee: Dagger            ||    38
Throw: Dart              ||    12
 Stab: Sleeping          ||     3
Armor: Robe              ||     2
Dodge: Dodged            ||    30
